 Dungeon Crawl Stone Soup version 0.25.1-2-g60ff931df9 (webtiles) character file.

Game seed: 12847760372919928783

1529 gruber the Basher (level 8, -5/120 HPs)
             Began as an Ogre Berserker on Oct 22, 2020.
             Was an Elder of Trog.
             Slain by a sky beast (6 damage)
             ... on level 6 of the Dungeon.
             The game lasted 00:05:30 (6725 turns).

gruber the Basher (Ogre Berserker)                  Turns: 6725, Time: 00:05:31

Health: -5/120     AC:  4    Str: 24    XL:     8   Next: 85%
Magic:  8/8        EV: 10    Int:  8    God:    Trog [****..]
Gold:   188        SH:  0    Dex:  8    Spells: 7/7 levels left

rFire    + . .     SeeInvis .   C - +0 giant spiked club
rCold    . . .     Gourm    .   (shield currently unavailable)
rNeg     . . .     Faith    .   b - +0 animal skin
rPois    .         Spirit   .   g - +1 hat
rElec    .         Reflect  .   (no cloak)
rCorr    .         Harm     .   (gloves unavailable)
MR       .....     Rnd*Tele +   (boots unavailable)
Stlth    ..........             (no amulet)
HPRegen  0.30/turn              t - ring of teleportation (curse)
MPRegen  0.11/turn              r - ring of protection from fire

@: berserking, very quick
A: large, unfitting armour, tough skin 1
a: Berserk, Trog's Hand, Brothers in Arms, Renounce Religion


You were on level 6 of the Dungeon.
You worshipped Trog.
Trog was greatly pleased with you.
You were hungry.

You visited 1 branch of the dungeon, and saw 6 of its levels.

You collected 188 gold pieces.

Inventory:

Hand Weapons
 v - a +0 morningstar
 C - a +0 giant spiked club (weapon)
Missiles
 h - 27 poisoned darts (quivered)
 m - 3 large rocks
 u - 7 datura-tipped darts
Armour
 b - a +0 animal skin (worn)
 g - a +1 hat (worn)
Jewellery
 r - a ring of protection from fire (right hand)
 t - a cursed ring of teleportation (left hand)
Wands
 w - a wand of clouds (6)
Scrolls
 d - a scroll of noise {unknown}
 e - 4 scrolls of amnesia {unknown}
 j - a scroll of random uselessness {unknown}
 n - 5 scrolls of identify {unknown}
 q - 7 scrolls of remove curse {unknown}
 x - 2 scrolls of fear {unknown}
Potions
 a - a potion of flight {unknown}
 f - 2 potions of lignification {unknown}
 i - a potion of resistance {unknown}
 k - a potion of heal wounds {unknown}
 l - a potion of berserk rage {unknown}
 o - a potion of ambrosia {unknown}
 p - a potion of degeneration {unknown}
 s - a potion of magic {unknown}
 A - a potion of brilliance {unknown}
 B - 2 potions of cancellation {unknown}
Comestibles
 c - 9 rations


   Skills:
 - Level 5.0 Fighting
 * Level 10.0 Maces & Flails
 - Level 2.6 Dodging


You had 7 spell levels left.
You didn't know any spells.
Your spell library was empty.

Dungeon Overview and Level Annotations

Branches:
Dungeon (6/15)             Temple (0/1) D:5

Altars:
Dithmenos
Kikubaaqudgha
Trog
Uskayaw
Wu Jian
Yredelemnul
Zin
The Shining One


Innate Abilities, Weirdness & Mutations

You are too large for most types of armour.
You have tough skin. (AC +1)


Message History

* * * LOW HITPOINT WARNING * * *
The sky beast shocks you.
* * * LOW HITPOINT WARNING * * *
You barely miss the sky beast.
The sky beast is heavily wounded.
The sky beast barely misses you.
You closely miss the sky beast.
The sky beast is heavily wounded.
The sky beast hits you.
* * * LOW HITPOINT WARNING * * *
The sky beast shocks you.
* * * LOW HITPOINT WARNING * * *
You miss the sky beast.
The sky beast is heavily wounded.
The sky beast flickers out of sight!
Deactivating autopickup; reactivate with Ctrl-A.
Something hits you.
* * * LOW HITPOINT WARNING * * *
Something shocks you.
You die...

....##. .....
...... #.#.#
##.#..#
#.#.###....#
#.#.##.....##
#.#.#.....(.#
#.#.....#....#
.#########..##...#
...#
.......@{al....###
....
...########.##...#
### #######.####.#
#.......# ...
#.####### ### #.#
#.# #.# #.#


You could see an iguana and a worker ant.

Vanquished Creatures
  2 ice beasts (D:5)
  3 ogres (D:5)
  2 centaurs (D:5)
  3 bullfrogs
  3 scorpions
  A howler monkey (D:5)
  2 orc priests (D:4)
  A jelly (D:5)
  Natasha (thrice) (D:2)
  4 orc wizards (D:4)
  3 worker ants
  3 gnolls (D:3)
  A howler monkey skeleton (D:5)
  5 adders
  A shadow imp (D:5)
  An ooze (D:6)
  3 worms
  2 dart slugs (D:1)
  8 leopard geckos
  16 orcs
  9 giant cockroaches
  5 goblins
  8 hobgoblins
  5 jackals
  11 kobolds
  12 bats
  8 frilled lizards
  4 rats
129 creatures vanquished.

Vanquished Creatures (others)
  A human (D:2)
1 creature vanquished.

Grand Total: 130 creatures vanquished

Notes
Turn   | Place    | Note
-------+----------+-------------------------------------------
     0 | D:1      | gruber the Ogre Berserker began the quest for the Orb.
     0 | D:1      | Reached XP level 1. HP: 24/24 MP: 1/1
   106 | D:1      | Reached skill level 3 in Maces & Flails
   106 | D:1      | Reached XP level 2. HP: 32/32 MP: 2/2
   420 | D:1      | You fall into a shaft and drop 1 floor!
   628 | D:2      | Reached XP level 3. HP: 39/40 MP: 3/3
  1260 | D:1      | Reached ** piety under Trog
  2101 | D:2      | Found a glowing silver altar of Zin.
  2134 | D:2      | Found a shadowy altar of Dithmenos.
  2199 | D:2      | Found a glowing golden altar of the Shining One.
  2199 | D:2      | Found a bloodstained altar of Trog.
  2199 | D:2      | Noticed Natasha
  2205 | D:2      | Killed Natasha
  2205 | D:2      | Reached skill level 4 in Maces & Flails
  2205 | D:2      | Reached XP level 4. HP: 42/49 MP: 4/4
  2294 | D:2      | Noticed Natasha
  2303 | D:2      | Killed Natasha
  2688 | D:2      | Noticed a +0 dagger
  2693 | D:2      | Noticed a +0 hand axe
  2694 | D:2      | Found a hide-covered altar of Uskayaw.
  2694 | D:2      | Noticed Natasha
  2708 | D:2      | Killed Natasha
  2708 | D:2      | Reached skill level 5 in Fighting
  2708 | D:2      | Reached XP level 5. HP: 49/57 MP: 5/5
  2755 | D:2      | Found an ornate altar of the Wu Jian Council.
  2936 | D:2      | Reached skill level 5 in Maces & Flails
  3144 | D:2      | Found an ancient bone altar of Kikubaaqudgha.
  3148 | D:2      | Noticed a human
  3149 | D:2      | Killed a human
  3513 | D:3      | Reached *** piety under Trog
  3569 | D:3      | Reached XP level 6. HP: 66/66 MP: 6/6
  4176 | D:3      | Found a basalt altar of Yredelemnul.
  4251 | D:4      | Reached skill level 6 in Maces & Flails
  4370 | D:4      | Reached XP level 7. HP: 52/72 MP: 7/7
  4417 | D:4      | Reached skill level 7 in Maces & Flails
  5366 | D:5      | Entered Level 5 of the Dungeon
  5379 | D:5      | Reached skill level 8 in Maces & Flails
  5382 | D:5      | Reached XP level 8. HP: 56/80 MP: 8/8
  5853 | D:5      | Reached **** piety under Trog
  5877 | D:5      | Reached skill level 9 in Maces & Flails
  6379 | D:5      | Found a staircase to the Ecumenical Temple.
  6448 | D:5      | Reached skill level 10 in Maces & Flails
  6724 | D:6      | HP: 2/120 [sky beast (6)]
  6725 | D:6      | Slain by a sky beast

Illustrated notes

Levels and vault maps discovered:
D:1:      wheals_arrival_linesprint, layout_loops_corners, serial_rivers,
          chequers_serial_rivers_small_3, chequers_serial_rivers_marsh,
          chequers_serial_rivers_large_a, chequers_serial_rivers_marsh
D:2:      layout_loops_ring, nicolae_dithmenos_through_a_glass_darkly,
          dancing_weapons_uskayaw, lemuel_crystal_altar, zin_statuary,
          gammafunk_temple_overflow_pools, tgw_kikubaaqudgha, uniq_natasha
D:3:      layout_basic, lemuel_coloured_pillars_altar
D:4:      layout_basic, first_ration
D:5:      layout_loops_ring, temple_hall, kennysheep_generic_room_9
D:6:      layout_loops_ring, ebering_ghost_sewer_f

Skill      XL: |  1  2  3  4  5  6  7  8 |
---------------+-------------------------+-----
Maces & Flails | 3 4 5 6 8 10 | 10.0
Fighting       | 5 |  5.0
Dodging        | |  2.6

Action                   |  1- 3 |  4- 6 |  7- 9 || total
-------------------------+-------+-------+-------++-------
Melee: Mace              |   120 |   107 |       ||   227
       Flail             |       |    21 |       ||    21
       Morningstar       |       |    59 |    55 ||   114
       Giant club        |       |       |    36 ||    36
       Giant spiked club |       |       |    32 ||    32
Invok: Berserk           |     1 |     2 |     3 ||     6
       Trog's Hand       |       |       |     1 ||     1
 Stab: Sleeping          |     1 |       |       ||     1
  Eat: Chunk             |     5 |     8 |    11 ||    24
Armor: Animal skin       |    49 |    71 |    27 ||   147
Dodge: Dodged            |    83 |   112 |    66 ||   261
